Description

buid for frined do not use

Build Order

Get SALT Encoding   

  12  0:00  Probe  
  13  0:15   Probe  
  14  0:20  Pylon  
  15  0:30  Probe  
  16  0:40  Probe (Chrono Boost), Gateway  
  16  0:50  Assimilator  
  17  0:55  Probe  
  18  1:10  Probe  
  19  1:20  Probe  
  20  1:30  Nexus, Cybernetics Core  
  21  1:40  Assimilator  
  22  1:45  Pylon  
  20  1:30  Probe  
  21  1:45  Probe  
  26  2:00  Stalker x3  
  26  2:10  Warp Gate  
Spawning Tool Build Advisor. Get it on Overwolf

Go to:

Details

  • Created by: DavePants
  • Published on: Nov 06, 2023
  • Modified on: Nov 06, 2023
  • Patch: 5.0.11
  • Difficulty: Easy
Show
View Real Time Build Order
Export as new Build Order

Comments (0)

There are no comments. Be the first!

Create an account to comment!